 Dungeon Crawl Stone Soup version 0.32-a0-898-g7811c86cf0 (webtiles) character file.

Game seed: 2607352903384149351

83 shadizar the Magician (level 4, -3/31 HPs)
             Began as a Djinni Conjurer on Apr 4, 2024.
             Slain by Eustachio
             ... wielding a +0 rapier
              (6 damage)
             ... on level 4 of the Dungeon.
             The game lasted 00:01:19 (1832 turns).

shadizar the Magician (Djinni Conjurer)             Turns: 1832, Time: 00:01:19

Health: -3/31      AC:  2    Str: 12    XL:     4   Next: 71%
Gold:   132        EV: 26    Int: 22    God:
                   SH:  0    Dex: 11

rFire   + + +        j - staff of fire
rCold   x . .        (no shield)
rNeg    . . .        a - +0 robe
rPois   ∞            (no helmet)
rElec   .            (no cloak)
rCorr   .            (no gloves)
SInv    .            (boots unavailable)
Will    .....        f - amulet of the acrobat
Stlth   ++           m - +6 ring of strength
HPRegen 0.25/turn    (no ring)

%: acrobat, infuse magic (-4 HP)
@: acrobatic, flying
A: sickness immunity, fire resistance 2, cold vulnerability 1, float, innate
caster, HP casting, extra vitality 1
a: no special abilities


You were on level 4 of the Dungeon.
You visited 1 branch of the dungeon, and saw 4 of its levels.

You collected 132 gold pieces.

Inventory:

Armour
 a - a +0 robe (worn)
Magical Staves
 j - a staff of fire (weapon)
Jewellery
 f - an amulet of the acrobat (around neck)
 m - a +6 ring of strength (left hand)
Scrolls
 b - a scroll of teleportation {unknown}
 c - a scroll of vulnerability {unknown}
 g - 2 scrolls of revelation {unknown}
 l - a scroll of fog {unknown}
 n - a scroll of fear {unknown}
 o - a scroll of enchant armour {unknown}
Potions
 d - a potion of heal wounds {unknown}
 e - 2 potions of degeneration {unknown}
 h - a potion of haste {unknown}
 i - 2 potions of brilliance {unknown}
 k - a potion of ambrosia {unknown}


   Skills:
 - Level 2.1 Dodging
 - Level 1.5 Stealth
 + Level 4.8 Spellcasting
 + Level 4.8 Conjurations
 + Level 4.8 Hexes
 + Level 4.8 Summonings
 + Level 4.8 Necromancy
 + Level 4.8 Translocations
 + Level 4.8 Fire Magic
 + Level 4.8 Ice Magic
 + Level 4.8 Air Magic
 + Level 4.8 Earth Magic
 + Level 4.8 Alchemy


You knew the following spells:

 Your Spells              Type           Power      Damage    Failure   Level
a - Magic Dart            Conj           100%       1d8       1%          1
b - Searing Ray           Conj           52%        2d6       2%          2
c - Fulminant Prism       Conj/Alch      13%        3d8       14%         4
d - Iskenderun's Mystic Conj/Tloc 26%            2d7        (+2d3     14%         4
e - Summon Small Mammal   Summ           100%       N/A       1%          1
Your spell library was empty.

Dungeon Overview and Level Annotations

Branches:
Dungeon (4/15)
 Temple: D:4-7

Altars:
Nemelex Xobeh

Annotations:
D:4 Eustachio


Innate Abilities, Weirdness & Mutations

You are immune to sickness and miasma.
You are immune to poison.
Your flesh is very heat resistant. (rF++)
You are vulnerable to cold. (rC-)
You float through the air rather than walking.
You learn spells naturally, not from books.
Your magical power is your life essence.
You have superior vitality. (+4 MHP)


Message History

Unknown command.
Unknown command.
Unknown command.
Unknown command.
Unknown command.
The searing ray hits Eustachio.
Eustachio is moderately wounded.
The searing ray hits Eustachio.
Eustachio is heavily wounded.
Eustachio casts a spell.
Eustachio blinks!
The searing ray hits Eustachio!
Eustachio is severely wounded.
You finish channelling your searing ray.
The shadow imp gestures at you. Pain shoots through your body!
Casting: Searing Ray (safe; 2% risk of failure)
Confirm with . or Enter, or press ? or * to list all spells.
Aiming: Searing Ray (safe; 2% risk of failure)
Press: ? - help, Shift-Dir - straight line, f/p - Eustachio
Aim: Eustachio, wielding a +0 rapier and wearing a +1 leather armour of poison resistance (severely wounded, 71% to hit)
The searing ray hits Eustachio.
Eustachio is severely wounded. (Press . to maintain the ray.) Eustachio hits you with a +0 rapier!
* * * LOW HITPOINT WARNING * * *
Unknown command.
Unknown command.
Unknown command.
Unknown command.
Unknown command.
Unknown command.
Unknown command.
Unknown command.
Unknown command.
The searing ray misses Eustachio.
* * * LOW HITPOINT WARNING * * *
Eustachio hits you with a +0 rapier.
You die...
Eustachio says, "Such is the fate of all honourless rascals."

##.##.....##..#
######.##...'(..##.#
#....<.#...#'#...#.#
#......+ß.##.##.ß'.#
######.#.##...##.#.#
#.###.....###.#
..##....#..##.#
####.#.@..###..#.#
..5.5.5@.## ##...#
########## #####


You could see Eustachio, an iron imp (summoned), a white imp (summoned) and a
shadow imp (summoned).

Vanquished Creatures
  Terence (D:3)
  An adder (D:2)
  A dart slug (D:3)
  3 endoplasms
  2 giant cockroaches
  7 goblins
  5 hobgoblins
  4 jackals (D:1)
  4 kobolds
  3 quokkas
  2 ball pythons
  3 bats
  2 frilled lizards
  4 rats
42 creatures vanquished.

Notes
Turn   | Place    | Note
-------+----------+-------------------------------------------
     0 | D:1      | shadizar the Djinni Conjurer began the quest for the Orb.
     0 | D:1      | shadizar set off with the following spells memorised: Magic
                  | Dart, Searing Ray, Fulminant Prism, Iskenderun's Mystic
                  | Blast.
     0 | D:1      | Reached XP level 1. HP: 15/15 MP: 0/0
    39 | D:1      | Reached XP level 2. HP: 12/21 MP: 0/0
   666 | D:1      | Reached XP level 3. HP: 25/25 MP: 0/0
   666 | D:1      | Learned a level 1 spell: Summon Small Mammal
   758 | D:2      | Found a sparkling altar of Nemelex Xobeh.
   961 | D:2      | Found a faded altar of an unknown god.
  1339 | D:3      | Noticed Terence
  1345 | D:3      | Killed Terence
  1346 | D:3      | Reached XP level 4. HP: 11/31 MP: 0/0
  1822 | D:4      | Noticed Eustachio
  1832 | D:4      | Slain by Eustachio

Illustrated notes

Levels and vault maps discovered:
D:1:      amcnicky_arrival_blooded_trapdoor, layout_loops_ring
D:2:      layout_basic, ebering_ecumenical_altar_abandoned, serial_glass,
          glass_columns_a, glass_columns_a, basic_altar
D:3:      layout_rooms, uniq_terence
D:4:      layout_basic, serial_forest, infiniplex_forest_straight_2,
          infiniplex_forest_lined_2, infiniplex_forest_clump_long,
          infiniplex_forest_clump_small, grunt_decor_arrowhead, uniq_robin,
          uniq_eustachio

Skill      XL: |  1  2 |
---------------+-------+-----
Spellcasting   | 4 |  4.8
Conjurations   | 4 |  4.8
Hexes          | 4 |  4.8
Summonings     | 4 |  4.8
Necromancy     | 4 |  4.8
Translocations | 4 |  4.8
Fire Magic     | 4 |  4.8
Ice Magic      | 4 |  4.8
Air Magic      | 4 |  4.8
Earth Magic    | 4 |  4.8
Alchemy        | 4 |  4.8
Dodging        | |  2.1
Stealth        | |  1.5

Action                     |  1- 3 |  4- 6 || total
---------------------------+-------+-------++-------
   Cast: Magic Dart        |    58 |    22 ||    80
         Searing Ray       |     2 |     2 ||     4
 Armour: Robe              |     2 |     3 ||     5
  Dodge: Dodged            |     4 |       ||     4

Table legend: (Time is in decaauts)
 A = Elapsed time spent in this place.
 B = Non-inter-level travel time spent in this place.
 C = Inter-level travel time spent in this place.
 D = Time resting spent in this place.
 E = Time spent auto-exploring this place.
 F = Levels seen in this place.
 G = Mean time per level.
                   A        B        C        D        E       F      G
               +--------+--------+--------+--------+--------+-----+--------+
         Total |   1830 |   1751 |     79 |      0 |   1565 |   4 |  457.5 |
       Dungeon |   1830 |   1751 |     79 |      0 |   1565 |   4 |  457.5 |
               +--------+--------+--------+--------+--------+-----+--------+

Top non-repeatable levels by time:
     D:1: 718 daAuts
     D:2: 620 daAuts
     D:3: 424 daAuts
     D:4: 66 daAuts
